 Dungeon Crawl Stone Soup version 0.30.1 (webtiles) character file.

Game seed: 13248907449649728758

802 Caestello the Ducker (level 7, 0/29 (41) HPs)
             Began as a Deep Elf Reaver on July 10, 2023.
             Was a Believer of Lugonu.
             Slain by a worm (8 damage)
             ... in a sewer on July 11, 2023.
             The game lasted 00:15:11 (5045 turns).

Caestello the Ducker (Deep Elf Reaver)              Turns: 5045, Time: 00:15:11

HP:   0/29 (41)     AC:  5    Str:  9    XL:     7   Next: 59%
MP:   11/14         EV: 14    Int: 18    God:    Lugonu [**....]
Gold: 193           SH:  4    Dex: 19    Spells: 7/13 levels left

rFire   . . .        a - +2 dagger (speed)
rCold   + . .        o - +0 buckler
rNeg    . . .        j - +3 robe of Qitsy {Drain Dex+4}
rPois   .            (helmet restricted)
rElec   .            (no cloak)
rCorr   .            (no gloves)
SInv    .            (no boots)
Will    +....        (no amulet)
Stlth   +++          d - ring of willpower
HPRegen 0.24/turn    i - ring of protection from cold
MPRegen 0.14/turn

%: no passive effects
@: very heavily drained
A: horns 1
a: Renounce Religion, Depart the Abyss, Banish


You were in a sewer.
You worshipped Lugonu.
Lugonu was pleased with you.
You visited 1 branch of the dungeon, and saw 5 of its levels.
You also visited: Sewer.

You collected 193 gold pieces.

Inventory:

Hand Weapons
 a - a +2 dagger of speed (weapon)
 b - a +0 short sword
 f - a +0 dagger of holy wrath
Missiles
 p - 2 boomerangs
 s - 5 atropa-tipped darts
 t - 19 stones
 D - a curare-tipped dart
Armour
 j - the +3 robe of Qitsy (worn) {Drain Dex+4}
   (You found it on level 2 of the Dungeon)

   Dex:       It affects your dexterity (+4).
   Drain:     It drains your maximum health when unequipped.
 k - a +0 leather armour
 m - a +0 helmet
 o - a +0 buckler (worn)
Magical Staves
 A - a staff of poison
Jewellery
 d - a ring of willpower (left hand)
 i - a ring of protection from cold (right hand)
Scrolls
 g - a scroll of poison {unknown}
 r - a scroll of torment {unknown}
 u - a scroll of amnesia {unknown}
 v - a scroll of magic mapping {unknown}
 w - 3 scrolls of identify
 y - a scroll of fear {unknown}
 B - a scroll of enchant weapon {unknown}
 C - a scroll of fog {unknown}
 E - a scroll of blinking {unknown}
Potions
 c - a potion of ambrosia
 e - 2 potions of curing
 h - 2 potions of flight
 l - a potion of invisibility
 n - a potion of attraction {unknown}
 x - 2 potions of heal wounds {unknown}
 z - a potion of berserk rage {unknown}


   Skills:
 + Level 3.0 Fighting
 + Level 3.3 Short Blades
 - Level 0.3 Armour
 + Level 4.8 Dodging
 * Level 3.8 Stealth
 + Level 1.0 Shields
 + Level 2.7 Unarmed Combat
 + Level 3.7 Spellcasting
 + Level 3.9 Conjurations
 + Level 0.2 Necromancy
 + Level 0.5 Translocations
 * Level 3.6 Invocations


You had 7 spell levels left.
You knew the following spells:

 Your Spells              Type           Power      Damage    Failure   Level
a - Kiss of Death         Conj/Necr      40%        2d8       10%         1
b - Momentum Strike       Conj/Tloc      22%        3d8       14%         2
c - Hailstorm             Conj/Ice       10%        3d5       30%         3

Your spell library contained the following spells:

 Spells                   Type           Power      Damage    Failure   Level
 Sandblast                Erth           6%         2d5       22%         1
 Sublimation of Blood     Necr           4%         N/A       30%         2
 Stone Arrow              Conj/Erth      20%        3d8       30%         3
 Passwall                 Tmut/Erth      2%         N/A       34%         2
 Wereblood                Tmut           3%         N/A       34%         2
 Ozocubu's Armour         Ice            3%         N/A       56%         3
 Ozocubu's Refrigeration  Ice            1%         4d7       100%        7
 Summon Hydra             Summ           1%         N/A       100%        7


Dungeon Overview and Level Annotations

Branches:
Dungeon (5/15)              Sewer (1/1)
 Temple: D:4-7

Altars:
Dithmenos
Nemelex Xobeh
Qazlal
Ru
Trog
Lugonu

Shops:
D:2 *


Innate Abilities, Weirdness & Mutations

You have a pair of small horns on your head.


Message History

You hit the kobold brigand but do no damage.
Your headbutt misses the kobold brigand.
The kobold brigand is heavily wounded.
The kobold brigand barely misses you.
You hit the kobold brigand.
The kobold brigand is severely wounded.
Your magical contamination has completely faded away.
You barely miss the kobold brigand.
The kobold brigand is severely wounded.
The kobold brigand splashes around in the water.
You hit the kobold brigand.
The kobold brigand is severely wounded.
You are no longer robbed of momentum.
The kobold brigand hits you with a +0 short sword.
You closely miss the kobold brigand.
Your headbutt misses the kobold brigand.
The kobold brigand is almost dead.
You closely miss the kobold brigand.
The kobold brigand is almost dead.
You block the kobold brigand's attack.
You miss the kobold brigand.
The kobold brigand is almost dead.
The kobold brigand looks more healthy.
You barely miss the kobold brigand.
The kobold brigand is almost dead.
The kobold brigand splashes around in the water.
You hit the kobold brigand.
Your headbutt misses the kobold brigand.
The kobold brigand is almost dead.
The kobold brigand hits you with a +0 short sword!
* * * LOW HITPOINT WARNING * * *
You hit the kobold brigand.
You headbutt the kobold brigand, but do no damage.
The kobold brigand is almost dead.
You miss the kobold brigand.
You headbutt the kobold brigand, but do no damage.
The kobold brigand is almost dead.
The kobold brigand splashes around in the water.
The worm bites you!
You die...

#~~.# #~~.# ##~~.# ##~..~#
### ####.~~~.# #####~~w~.
~~~.~...########((~~~#
~~~.~.####....~.~###~~~K.
~~~.~## #.~~.~.wK# #######
.~.~~####~~~~.~~@###~~~~.#
~~.~~~##.~..####~~.~.#####
.~..~.~~~~.## #####~~~~.#
~...~~~.~.## #######
........~.# ∩.∩.~~~.~~#
...~.~~..~# ......~.~~#
.~.~..~~~.~


You could see a kobold brigand and a worm.

Vanquished Creatures
  An ice beast (D:3)
  2 kobold brigands (Sewer)
  3 scorpions (D:4)
  A gnoll sergeant (D:5)
  A hound (D:4)
  A gnoll bouda (D:3)
  An iguana (D:4)
  An orc wizard (D:3)
  6 gnolls
  2 river rats (Sewer)
  4 adders
  A white imp (D:5)
  A dart slug (D:1)
  2 worms (D:3)
  8 orcs
  4 bats
  8 endoplasms
  4 giant cockroaches
  8 goblins
  4 hobgoblins
  7 jackals
  5 kobolds
  3 quokkas
  12 ball pythons
  3 frilled lizards
  8 rats
101 creatures vanquished.

Notes
Turn   | Place    | Note
-------+----------+-------------------------------------------
     0 | D:1      | Caestello the Deep Elf Reaver began the quest for the Orb.
     0 | D:1      | Reached XP level 1. HP: 12/12 MP: 6/6
   148 | D:1      | Reached XP level 2. HP: 13/16 MP: 8/8
   245 | D:1      | Learned a level 2 spell: Momentum Strike
   390 | D:1      | Found a faded altar of an unknown god.
   493 | D:1      | Prayed at the altar of an unknown god.
   493 | D:1      | Became a worshipper of Lugonu the Unformed
   493 | D:1      | Reached * piety under Lugonu
   752 | D:1      | Reached XP level 3. HP: 16/16 MP: 9/9
  1214 | D:2      | Reached skill level 3 in Dodging
  1219 | D:2      | Identified the +3 robe of Qitsy {Drain Dex+4}
  1235 | D:2      | Learned a level 3 spell: Hailstorm
  1406 | D:2      | Found Liffoyto's Assorted Antiques.
  1779 | D:3      | Reached skill level 1 in Short Blades
  1798 | D:3      | Reached XP level 4. HP: 8/25 MP: 4/11
  1801 | D:3      | Reached ** piety under Lugonu
  1802 | D:3      | Reached skill level 1 in Stealth
  2006 | D:3      | Reached skill level 1 in Invocations
  2525 | D:3      | Found a stormy altar of Qazlal.
  2527 | D:3      | Found a bloodstained altar of Trog.
  2772 | D:4      | Noticed an ice beast
  2935 | D:3      | Killed an ice beast
  2936 | D:3      | Reached XP level 5. HP: 31/31 MP: 9/12
  3245 | D:4      | Reached XP level 6. HP: 27/36 MP: 10/13
  3326 | D:3      | Gained mutation: You have a pair of small horns on your
                  | head. [potion of mutation]
  3417 | D:4      | Reached skill level 4 in Dodging
  3977 | D:4      | Reached XP level 7. HP: 38/39 MP: 14/14
  4007 | D:4      | Found a sacrificial altar of Ru.
  4008 | D:4      | Found a shadowy altar of Dithmenos.
  4008 | D:4      | Found a sparkling altar of Nemelex Xobeh.
  4074 | D:5      | Entered Level 5 of the Dungeon
  4330 | D:5      | Found a glowing drain.
  4344 | Sewer    | Entered a sewer
  4884 | Sewer    | Reached skill level 1 in Shields
  5045 | Sewer    | Slain by a worm

Illustrated notes

Levels and vault maps discovered:
D:1:      erik_arrival_cave_to_civilisation [erik_arrival_cave_to_hall],
          layout_basic, hellmonk_ecumenical_altar_inner_sanctum,
          kennysheep_nondescript
D:2:      layout_rooms, serial_shops, nicolae_shop_just_a_little_nook,
          grunt_ministairs_14
D:3:      layout_loops_ring, chequers_temple_overflow_statue_of_worship,
          nicolae_underground_beach
D:4:      layout_cave_pools, gammafunk_temple_overflow_claw
D:5:      layout_basic, minmay_temple_entry_wispy, gup_sewer_entry_bowl
Sewer:    sewer_co_tree

Skill      XL: |  1  2  3  4  5  6  7 |
---------------+----------------------+-----
Dodging        | 3 4 |  4.8
Short Blades   | 1 2 3 |  3.3
Stealth        | 1 3 |  3.8
Invocations    | 1 2 3 |  3.6
Fighting       | 2 3 |  3.0
Shields        | 1 |  1.0
Armour         | |  0.3
Unarmed Combat | |  2.7
Spellcasting   | |  3.7
Conjurations   | |  3.9
Necromancy     | |  0.2
Translocations | |  0.5

Action                     |  1- 3 |  4- 6 |  7- 9 || total
---------------------------+-------+-------+-------++-------
  Melee: Unarmed           |    24 |       |       ||    24
         Short sword       |   183 |    60 |       ||   243
         Punch             |     1 |       |       ||     1
         Dagger            |       |   110 |   128 ||   238
         Headbutt          |       |    11 |    22 ||    33
  Throw: Dart              |       |       |     2 ||     2
   Cast: Kiss of Death     |     4 |     1 |     4 ||     9
         Momentum Strike   |     5 |    10 |     5 ||    20
    Use: Scroll            |     3 |     2 |       ||     5
         Potion            |     1 |     1 |       ||     2
   Stab: Sleeping          |     3 |     5 |     1 ||     9
 Armour: Leather armour    |    47 |       |       ||    47
         Robe              |    36 |    39 |    13 ||    88
  Dodge: Dodged            |   148 |    74 |    69 ||   291
  Block: Buckler           |    17 |    13 |    29 ||    59
